 Dungeon Crawl Stone Soup version 0.20.1-1-g8b1a95d (webtiles) character file.

180954 Peloso the Peltast (level 17, -2/159 HPs)
             Began as a Minotaur Fighter on July 14, 2017.
             Was the Champion of Okawaru.
             Shot with an arrow by a naga sharpshooter (9 damage)
             ... on level 4 of the Snake Pit.
             The game lasted 02:01:53 (34251 turns).

Peloso the Peltast (Minotaur Fighter)              Turns: 34251, Time: 02:01:54

Health: -2/159     AC: 26    Str: 33    XL:     17   Next: 66%
Magic:  17/17      EV: 13    Int:  5    God:    Okawaru [******]
Gold:   1202       SH: 17    Dex: 15    Spells: 16/16 levels left

rFire    + . .     SeeInvis .   E - +11 falchion of Uptelesm {elec, *Slow +Blink Str+8 Dex-4}
rCold    + . .     Gourm    .   L - +0 shield {rN+}
rNeg     + . .     Faith    +   R - +0 plate armour {rF+}
rPois    +         Spirit   .   u - +1 hat of Wyckul Pulyu {rF- Dex+6}
rElec    .         Reflect  .   o - scarf {rC+ rF+}
rCorr    .         Harm     .   W - +2 pair of gloves {archery}
MR       ++...                  U - +2 pair of boots {run}
Stlth    ..........             I - amulet of faith
Regen    0.4/turn               l - ring of protection from magic
MPRegen  0.2/turn               b - ring of poison resistance

@: quick
A: retaliatory headbutt, horns 2
a: Heroism, Finesse, Renounce Religion, Evoke Blink


You were on level 4 of the Snake Pit.
You worshipped Okawaru.
Okawaru was exalted by your worship.
You were hungry.

You visited 5 branches of the dungeon, and saw 28 of its levels.
You also visited: Trove, Sewer, Bailey, Ice Cave and Volcano.

You collected 2777 gold pieces.
You spent 1575 gold pieces at shops.

Inventory:

Hand Weapons
 p - a +3 long sword of draining
 E - the +11 falchion of Uptelesm (weapon) {elec, *Slow +Blink Str+8 Dex-4}
   (You found it on level 7 of the Dungeon)

   Occasionally, upon striking a foe, it will discharge some electrical energy
   and cause terrible harm.
   It affects your strength (+8).
   It affects your dexterity (-4).
   It lets you blink.
   It may slow you when you take damage.
 N - the +5 scimitar "Tudaiz" {flame, *Slow +Inv Int+2}
   (Okawaru gifted it to you on level 13 of the Dungeon)

   It has been specially enchanted to burn those struck by it, causing extra
   injury to most foes and up to half again as much damage against particularly
   susceptible opponents.
   Big, fiery blades are also staple armaments of hydra-hunters.
   It affects your intelligence (+2).
   It lets you turn invisible.
   It may slow you when you take damage.
Armour
 o - a scarf of resistance (worn)
 u - the +1 hat of Wyckul Pulyu (worn) {rF- Dex+6}
   (Okawaru gifted it to you on level 6 of the Lair of Beasts)

   It affects your dexterity (+6).
   It makes you vulnerable to fire.
 L - a +0 shield of positive energy (worn)
 R - a +0 plate armour of fire resistance (worn)
 U - a +2 pair of boots of running (worn)
 W - a +2 pair of gloves of archery (worn)
Jewellery
 a - an uncursed ring of flight
 b - a ring of poison resistance (right hand)
 l - a ring of protection from magic (left hand)
 m - an uncursed ring of resist corrosion {unknown}
 r - a +3 ring of dexterity
 s - an uncursed ring of see invisible
 v - a +5 amulet of reflection
 I - an amulet of faith (around neck)
Wands
 c - a wand of lightning (5/15)
 J - a wand of digging (6/24)
Scrolls
 g - 11 scrolls of identify
 h - 12 scrolls of remove curse
 i - a scroll of fear
 k - 8 scrolls of teleportation
 q - a scroll of amnesia
 y - a scroll of magic mapping
 B - 4 scrolls of recharging
 Z - a scroll of summoning
Potions
 d - 3 potions of might
 e - a potion of heal wounds
 j - 4 potions of agility
 n - 3 potions of resistance
 x - 2 potions of haste
 A - 3 potions of invisibility
 F - 5 potions of flight
 H - 10 potions of curing
 Q - 2 potions of berserk rage
Comestibles
 f - 21 bread rations
 C - 13 royal jellies
 G - 9 meat rations


   Skills:
 + Level 16.5 Fighting
 + Level 17.5 Long Blades
   Level 4.4 Maces & Flails
 + Level 17.1 Armour
 + Level 7.1 Dodging
 + Level 2.6 Stealth
 + Level 20.7 Shields
 + Level 1.7 Invocations
 + Level 1.5 Evocations


You had 16 spell levels left.
You didn't know any spells.

Dungeon Overview and Level Annotations

Branches:
Dungeon (15/15)            Temple (1/1) D:4            Lair (6/6) D:9
  Swamp (0/4) Lair:4        Snake (4/4) Lair:3        Slime (0/5) Lair:6
    Orc (2/2) D:9             Elf (0/3) Orc:2        Vaults (0/5) D:13
 Depths (0/5) D:15

Altars:
Ashenzari
Cheibriados
Elyvilon
Makhleb
Okawaru
Ru
Sif Muna
Trog
Uskayaw
Vehumet
Xom
Yredelemnul
Beogh
Jiyva

Shops:
D:14 =   Orc:1 [=*(   Orc:2 [:*(   Snake:2 =}=   Snake:3 %   Snake:4 %


Innate Abilities, Weirdness & Mutations

You reflexively headbutt those who attack you in melee.
You have a pair of horns on your head.


Message History

The naga ritualist gestures wildly while chanting.
The naga ritualist begins to radiate toxic energy.
You block the nagaraja's attack.
You escape the naga mage's grasp.
You feel sick.
The naga sharpshooter mumbles some strange words.
The naga sharpshooter magically shoots an arrow.
The arrow hits you!
* * * LOW HITPOINT WARNING * * *
Things that are here:
9 arrows; 4 bolts; a black mamba corpse You feel better.
* * * LOW HITPOINT WARNING * * *
The nagaraja hits you from afar with a spear!
* * * LOW HITPOINT WARNING * * *
The naga mage spits poison at you. You block the splash of poison.
The naga sharpshooter casts a spell.
The naga sharpshooter magically shoots an arrow.
The arrow hits you!
You die...

...###.....###....#....## ...
.#..####)..# ######.....## ...
..#..)..#..## ##.....# . ...
..##........#### ##..##..##...
..
..##...))).)...###..##.........
..##....).....)....##..........
..#.....####)...####...........
..#[...##.....)###.NN.....N....
....####...(...(@NN.NN.........
.#..## #..############NN.##...#
.##..###### ..........
.###..##### .........
....#...#.# ....... ..........#
.N...#. ..........# N......
.......##.# ......# ....#####[#


You could see a naga warrior, a nagaraja, a naga sharpshooter, a naga ritualist,
2 naga magi and 2 nagas.

Vanquished Creatures
  Vashnia (Snake:3)
  Asterion (Snake:3)
  4 nagarajas
  Aizul (Snake:2)
  An orc warlord (Orc:1)
  The ghost of Gargoyl the Protected, a journeyman MiAK of Lugonu (Lair:6)
  2 very ugly things (IceCv)
  Nessos (D:14)
  Azrael (D:14)
  A spark wasp (shapeshifter) (D:15)
  Snorg (Lair:6)
  Josephine (Orc:1)
  16 naga warriors
  Erolcha (D:11)
  9 hydras
  2 catoblepae
  The ghost of Timinator the Earth Mage, a journeyman GrEE of Vehumet (Volcano)
  2 centaur warriors
  2 dancing weapons (D:13)
  2 death knights
  2 two-headed ogres
  5 anacondas
  6 death yaks (Lair:5)
  A tengu warrior (D:15)
  4 shock serpents
  6 orc high priests
  15 naga sharpshooters
  A fire crab (Volcano)
  4 skeletal warriors
  2 salamander mystics
  A glowing orange brain (D:15)
  An unseen horror (D:13)
  10 naga ritualists
  A lindwurm (Volcano)
  6 orc knights
  9 ugly things
  An oklob plant (Lair:3)
  6 orc sorcerers
  16 mana vipers
  3 cyclopes
  9 salamanders
  14 elephants
  41 black mambas
  2 guardian serpents
  5 ice statues (IceCv)
  The ghost of Turtleman12345 the Shield-Bearer, a novice MiFi (D:5)
  24 naga magi
  30 spiny frogs
  4 rime drakes
  A centaur skeleton (D:15)
  3 kobold demonologists (D:11)
  An anaconda simulacrum (IceCv)
  An efreet (D:15)
  2 tengu conjurers (D:15)
  A yaktaur (D:11)
  A golden dragon simulacrum (IceCv)
  5 komodo dragons
  7 trolls
  A polar bear (shapeshifter) (D:15)
  A polar bear (Lair:5)
  15 slime creatures
  11 hippogriffs
  17 blink frogs
  A meliai zombie (D:13)
  3 tyrant leeches (Lair:6)
  5 dream sheep (Lair:6)
  A centaur simulacrum (D:14)
  2 wyverns
  2 hogs (D:9)
  2 shadows
  42 yaks
  5 fire bats (Volcano)
  2 spriggans (shapeshifter) (D:15)
  2 dire elephant simulacra (IceCv)
  9 wraiths
  A human (D:9)
  2 steam dragons (Volcano)
  2 basilisks
  3 fire elementals (D:14)
  2 hungry ghosts
  6 wargs
  Menkaure (D:7)
  3 iron troll simulacra (IceCv)
  12 vampire mosquitoes
  6 swamp worms (Lair:5)
  11 water moccasins
  40 nagas
  3 soldier ants
  2 hydra simulacra (IceCv)
  6 hell hounds
  10 porcupines
  11 ice beasts
  2 hornet zombies
  36 orc warriors
  A black bear (D:7)
  2 phantoms
  3 sky beasts
  11 ogres
  9 centaurs
  16 crocodiles
  5 big kobolds
  29 bullfrogs
  2 gnoll sergeants
  A wyvern skeleton (D:6)
  4 scorpions
  9 killer bees
  3 centaur zombies
  8 electric eels
  2 howler monkeys
  3 jellies
  7 crimson imps
  8 hounds
  4 bullfrog skeletons
  15 orc priests
  16 orc wizards
  Ijyb (D:4)
  2 iguanas
  9 worker ants
  2 hound zombies
  2 hound skeletons
  17 adders
  10 gnolls
  A river rat (Sewer)
  3 shadow imps
  4 oozes
  18 worms
  A dart slug (D:1)
  6 leopard geckos
  67 orcs
  7 ball pythons
  4 bats
  3 giant cockroaches
  4 goblins
  7 hobgoblins
  8 jackals (D:5)
  3 quokkas
  9 frilled lizards (D:3)
  23 kobolds
  A leopard gecko zombie (D:6)
  11 rats
  A fungus (Lair:6)
  5 plants
970 creatures vanquished.

Vanquished Creatures (others)
  A naga mage (Snake:4)
  An ogre (Orc:1)
  14 fungi
  37 plants
53 creatures vanquished.

Grand Total: 1023 creatures vanquished

Notes
Turn   | Place    | Note
-------+----------+-------------------------------------------
     0 | D:1      | Peloso the Minotaur Fighter began the quest for the Orb.
     0 | D:1      | Reached XP level 1. HP: 19/19 MP: 0/0
   373 | D:1      | Reached XP level 2. HP: 25/27 MP: 1/1
   773 | D:2      | Reached skill level 4 in Shields
   776 | D:2      | Reached XP level 3. HP: 34/34 MP: 0/2
  1026 | D:2      | Found an iron altar of Okawaru.
  1034 | D:2      | Reached XP level 4. HP: 23/41 MP: 3/3
  1044 | D:2      | Became a worshipper of Warmaster Okawaru
  1055 | D:2      | Reached skill level 1 in Dodging
  1607 | D:3      | Reached XP level 5. HP: 43/47 MP: 4/4
  1819 | D:3      | Reached skill level 5 in Armour
  2531 | D:4      | Found a staircase to the Ecumenical Temple.
  2565 | D:4      | Got a smoking ring mail
  2576 | D:4      | Identified the cursed +1 ring mail of the Amoeba {+Fly rCorr Int+4 SInv} (You found it on level 4 of the Dungeon)
  2849 | D:4      | Noticed Ijyb
  2894 | D:4      | Killed Ijyb
  2894 | D:4      | Reached XP level 6. HP: 55/55 MP: 5/5
  3077 | D:5      | Entered Level 5 of the Dungeon
  3123 | D:5      | Reached * piety under Okawaru
  3123 | D:5      | Reached skill level 5 in Fighting
  3123 | D:5      | Reached skill level 5 in Shields
  3302 | D:5      | Reached XP level 7. HP: 60/61 MP: 6/6
  3329 | D:5      | Noticed Turtleman12345's ghost (novice MiFi)
  3351 | D:5      | Killed Turtleman12345's ghost
  3351 | D:5      | Reached ** piety under Okawaru
  3351 | D:5      | Reached skill level 5 in Long Blades
  3351 | D:5      | Reached skill level 6 in Shields
  3572 | D:5      | Reached XP level 8. HP: 57/70 MP: 7/7
  3725 | D:6      | Found a glowing drain.
  3746 | Sewer    | Entered a sewer
  4046 | Sewer    | Reached skill level 7 in Shields
  4493 | D:6      | Reached *** piety under Okawaru
  5156 | D:7      | Noticed Menkaure
  5161 | D:7      | Killed Menkaure
  5190 | D:7      | Reached skill level 8 in Shields
  5190 | D:7      | Reached XP level 9. HP: 78/78 MP: 8/8
  5392 | D:7      | Reached **** piety under Okawaru
  5495 | D:7      | Got an ichor-stained falchion
  5496 | D:7      | Identified the +11 falchion of Uptelesm {elec, *Slow +Blink Str+8 Dex-4} (You found it on level 7 of the Dungeon)
  6105 | D:8      | Reached skill level 9 in Shields
  6857 | D:9      | Reached skill level 1 in Stealth
  6886 | D:9      | Noticed an elephant
  6887 | D:9      | Found a staircase to the Lair.
  6898 | D:9      | Killed an elephant
  6898 | D:9      | Reached ***** piety under Okawaru
  6898 | D:9      | Reached skill level 10 in Long Blades
  6910 | D:9      | Reached XP level 10. HP: 72/88 MP: 9/9
  7133 | D:9      | Found a staircase to the Orcish Mines.
  7140 | D:9      | Reached skill level 10 in Shields
  7181 | D:9      | Found a roughly hewn altar of Beogh.
  7193 | D:9      | Reached skill level 5 in Dodging
  7706 | D:9      | Noticed Erolcha
  7776 | D:10     | Entered Level 10 of the Dungeon
  7789 | D:10     | Noticed a two-headed ogre
  7796 | D:10     | Killed a two-headed ogre
  7796 | D:10     | Received a gift from Okawaru
  8431 | D:11     | Reached XP level 11. HP: 29/97 MP: 10/10
  8553 | D:11     | Noticed an eight-headed hydra
  8634 | Lair:1   | Entered Level 1 of the Lair of Beasts
  8799 | Lair:1   | Got an ivory mace
  8800 | Lair:1   | Identified the cursed +1 mace of Causality {flame, +Blink MR+ Dex-5} (You found it on level 1 of the Lair of Beasts)
  9382 | Lair:2   | Reached skill level 11 in Shields
  9393 | Lair:2   | Reached ****** piety under Okawaru
  9400 | Lair:2   | Received a gift from Okawaru
  9613 | Lair:2   | Reached skill level 10 in Fighting
 10033 | Lair:2   | Noticed a four-headed hydra
 10042 | Lair:2   | Killed a four-headed hydra
 10042 | Lair:2   | Reached skill level 10 in Armour
 10100 | Lair:2   | Reached skill level 1 in Evocations
 10113 | Lair:2   | Reached skill level 1 in Maces & Flails
 10113 | Lair:2   | Reached skill level 12 in Shields
 10364 | Lair:2   | Reached XP level 12. HP: 101/106 MP: 11/11
 10451 | Lair:3   | Received a gift from Okawaru
 10639 | Lair:3   | Found a staircase to the Snake Pit.
 10766 | Lair:3   | Got a jewelled scythe
 11184 | D:11     | Noticed a four-headed hydra
 11201 | D:10     | Killed a four-headed hydra
 11285 | D:11     | Killed Erolcha
 11397 | D:11     | Received a gift from Okawaru
 11500 | D:11     | Reached skill level 13 in Shields
 11802 | D:11     | Noticed a death knight
 11814 | D:11     | Killed a death knight
 12302 | D:11     | Killed an eight-headed hydra
 12302 | D:11     | Reached XP level 13. HP: 85/116 MP: 9/12
 12809 | D:12     | Found a deep blue altar of Sif Muna.
 13325 | D:13     | Found a gate to the Vaults.
 13522 | D:13     | Reached skill level 14 in Shields
 13822 | D:13     | Received a gift from Okawaru
 13825 | D:13     | Got a smoking scimitar {god gift}
 13826 | D:13     | Identified the +5 scimitar "Tudaiz" {flame, *Slow +Inv Int+2} (Okawaru gifted it to you on level 13 of the Dungeon)
 14235 | D:14     | Noticed Nessos
 14267 | D:14     | Killed Nessos
 14364 | D:14     | Noticed Azrael
 14386 | D:14     | Killed Azrael
 14416 | D:14     | Found Unyfuace's Jewellery Boutique.
 14705 | Orc:1    | Entered Level 1 of the Orcish Mines
 14770 | Orc:1    | Found Nineph's Armour Shop.
 14780 | Orc:1    | Noticed Josephine
 14794 | Orc:1    | Killed Josephine
 14794 | Orc:1    | Received a gift from Okawaru
 14829 | Orc:1    | Found a dark tunnel.
 14835 | Volcano  | Entered a volcano
 14835 | Volcano  | Noticed Timinator's ghost (journeyman GrEE)
 14851 | Volcano  | Killed Timinator's ghost
 15002 | Volcano  | Reached skill level 15 in Shields
 15029 | Orc:1    | Found a flagged portal.
 15036 | Orc:1    | Found Oquclosm's Jewellery Shoppe.
 15056 | Orc:1    | Reached XP level 14. HP: 104/127 MP: 13/13
 15072 | Bailey   | Entered a bailey
 15370 | Bailey   | Reached skill level 15 in Long Blades
 15412 | Bailey   | Got slimy fire dragon scales
 15427 | Bailey   | Identified the cursed +0 fire dragon scales of Midnight {+Fly rF++ rC- Stlth+} (You found it in a bailey)
 15450 | Bailey   | Identified a +2 pair of boots of running (You found it in a bailey)
 15612 | Orc:1    | Bought an uncursed amulet of faith for 400 gold pieces
 15618 | Orc:1    | Bought a cursed amulet of inaccuracy for 20 gold pieces
 15675 | Orc:2    | Entered Level 2 of the Orcish Mines
 15675 | Orc:2    | Found a staircase to the Elven Halls.
 15675 | Orc:2    | Noticed an orc warlord
 16232 | Orc:1    | Killed an orc warlord
 16407 | Orc:2    | Found Kadeos's Antique Weapon Boutique.
 16541 | Orc:2    | Found Qonuv's General Store.
 16574 | Orc:2    | Bought 2 potions of heal wounds for 170 gold pieces
 16608 | Orc:2    | Received a gift from Okawaru
 17068 | Orc:2    | Found Dishraste's Antique Armour Boutique.
 17108 | Orc:2    | Bought a pair of runed gloves for 202 gold pieces
 17295 | Orc:2    | Paralysed by an orc sorcerer for 5 turns
 17482 | Orc:2    | Reached skill level 16 in Shields
 17577 | Orc:2    | Found Afrutteh's Book Shop.
 17892 | Orc:1    | Found Fyalar's Weapon Boutique.
 18107 | Orc:1    | Found Fasusav's Assorted Antiques.
 18113 | Orc:1    | Bought a double sword for 555 gold pieces
 18113 | Orc:1    | Bought 3 scrolls labeled MYM ZI UDIWK for 111 gold pieces
 18978 | Lair:4   | Found a staircase to the Swamp.
 19875 | Lair:5   | Received a gift from Okawaru
 19923 | Lair:5   | Found a shattered altar of Ashenzari.
 20625 | Lair:5   | Received a gift from Okawaru
 20631 | Lair:5   | Reached XP level 15. HP: 136/136 MP: 15/15
 21038 | Lair:5   | Reached skill level 17 in Shields
 21083 | Lair:6   | Entered Level 6 of the Lair of Beasts
 21083 | Lair:6   | Noticed Snorg
 21083 | Lair:6   | Noticed Gargoyl's ghost (journeyman MiAK)
 21110 | Lair:6   | Killed Gargoyl's ghost
 21117 | Lair:6   | Killed Snorg
 21419 | Lair:6   | Received a gift from Okawaru
 21447 | Lair:6   | Got a fine hat {god gift}
 21456 | Lair:6   | Identified the +1 hat of Wyckul Pulyu {rF- Dex+6} (Okawaru gifted it to you on level 6 of the Lair of Beasts)
 22243 | Lair:6   | Got a sparkling bronze ring
 22245 | Lair:6   | Identified the ring "Vorph" {Str+3 Stlth-} (You found it on level 6 of the Lair of Beasts)
 22295 | Lair:6   | Found a viscous altar of Jiyva.
 22295 | Lair:6   | Found a staircase to the Slime Pits.
 22868 | D:15     | Entered Level 15 of the Dungeon
 22999 | D:15     | Received a gift from Okawaru
 23042 | D:15     | Received a gift from Okawaru
 23171 | D:15     | Reached skill level 15 in Armour
 23171 | D:15     | Reached skill level 18 in Shields
 23259 | D:15     | Found a portal to a secret trove of treasure.
 23268 | Trove    | Entered a treasure trove
 23980 | D:15     | Found a staircase to the Depths.
 24427 | Temple   | Entered the Ecumenical Temple
 24767 | Snake:1  | Entered Level 1 of the Snake Pit
 25025 | Snake:1  | Reached XP level 16. HP: 105/147 MP: 16/16
 25058 | Snake:1  | Found a white marble altar of Elyvilon.
 25272 | Snake:1  | Reached skill level 15 in Fighting
 26534 | Snake:2  | Found Quwaf's Antique Weapon Shop.
 27078 | Snake:2  | Noticed Aizul
 27095 | Snake:2  | Killed Aizul
 27517 | Snake:2  | Found Meubank's Jewellery Emporium.
 27518 | Snake:2  | Found Juseub's Gadget Boutique.
 27519 | Snake:2  | Found Ofynekhle's Jewellery Emporium.
 27525 | Snake:2  | Reached skill level 19 in Shields
 27532 | Snake:2  | Reached skill level 1 in Invocations
 27734 | Snake:3  | Found Kena's Food Boutique.
 27750 | Snake:3  | Found a frozen archway.
 27781 | IceCv    | Entered an ice cave
 28152 | IceCv    | Got a jewelled scale mail
 29071 | IceCv    | Identified the +2 scale mail "Feuduih" {+Fly rF+} (You found it in an ice cave)
 29360 | Snake:3  | Noticed Vashnia
 29407 | Snake:2  | Received a gift from Okawaru
 30311 | Snake:3  | Bought a bread ration for 65 gold pieces
 30311 | Snake:3  | Bought a royal jelly for 26 gold pieces
 30311 | Snake:3  | Bought a royal jelly for 26 gold pieces
 30786 | Snake:3  | Noticed Asterion
 30801 | Snake:3  | Killed Asterion
 31018 | Snake:3  | Reached XP level 17. HP: 144/158 MP: 17/17
 31497 | Snake:3  | Killed Vashnia
 31497 | Snake:3  | Reached skill level 20 in Shields
 31509 | Snake:3  | Received a gift from Okawaru
 31792 | Snake:4  | Entered Level 4 of the Snake Pit
 32195 | Snake:4  | Found Gaempapa's Food Boutique.
 33584 | Snake:3  | Received a gift from Okawaru
 34251 | Snake:4  | HP: 7/159 [nagaraja/spear (17)]
 34251 | Snake:4  | Shot with an arrow by a naga sharpshooter

Skill      XL: |  1  2  3  4  5  6  7  8  9 10 11 12 13 14 15 16 17 |
---------------+----------------------------------------------------+-----
Fighting       | 4 5 6 7 9 10 11 12 13 14 15 16 | 16.5
Armour         | 4 5 6 7 8 10 11 12 14 15 16 17 | 17.1
Shields        | 4 5 6 8 9 10 12 13 15 16 18 19 20 | 20.7
Dodging        | 1 2 3 4 5 6 7 |  7.1
Long Blades    | 3 4 6 8 10 11 13 14 15 16 17 | 17.5
Stealth        | 1 2 |  2.6
Evocations     | 1 |  1.5
Maces & Flails | 1 3 4 |  4.4
Invocations    | 1 |  1.7

Action                   |  1- 3 |  4- 6 |  7- 9 | 10-12 | 13-15 | 16-18 || total
-------------------------+-------+-------+-------+-------+-------+-------++-------
Melee: Long sword        |    56 |   152 |   270 |       |       |       ||   478
       Headbutt          |    13 |    24 |    62 |   115 |   376 |   318 ||   908
       Falchion          |       |       |    66 |   454 |  1178 |   895 ||  2593
       Mace              |       |       |       |    31 |       |       ||    31
       Scimitar          |       |       |       |       |   247 |       ||   247
Invok: Heroism           |       |       |       |     1 |     2 |    10 ||    13
 Abil: Evoke Blink       |       |       |       |       |     2 |       ||     2
Evoke: Wand              |       |       |       |     6 |       |     3 ||     9
  Use: Scroll            |       |     6 |    15 |    11 |     9 |     6 ||    47
       Potion            |       |       |     1 |       |     3 |     3 ||     7
  Eat: Chunk             |       |     7 |    12 |    16 |    36 |    10 ||    81
       Fruit             |       |     1 |       |     1 |     5 |    11 ||    18
       Royal jelly       |       |       |       |       |       |     5 ||     5
Armor: Scale mail        |    23 |    29 |       |       |       |       ||    52
       Ring mail         |       |    29 |    95 |    18 |       |       ||   142
       Chain mail        |       |     4 |       |       |       |       ||     4
       Plate armour      |       |       |       |   219 |   504 |   242 ||   965
Dodge: Dodged            |    13 |    54 |   117 |   159 |   411 |   281 ||  1035
Block: Shield            |    25 |    83 |   208 |   326 |   976 |   661 ||  2279
       Rpst.: Long sword |     3 |    17 |    26 |       |       |       ||    46
       Falchion          |       |       |     4 |    23 |    74 |    53 ||   154
       Scimitar          |       |       |       |       |    21 |       ||    21
